 Dungeon Crawl Stone Soup version 0.30-b1-2-g02819fbbbe (webtiles) character file.

Game seed: 14910597975379143896

12011 sanka the Fighter (level 11, -17/97 HPs)
             Began as a Demigod Enchanter on May 17, 2023.
             Hit by a large rock thrown by a cyclops (25 damage)
             ... on level 11 of the Dungeon.
             The game lasted 00:29:32 (14849 turns).

sanka the Fighter (Demigod Enchanter)              Turns: 14849, Time: 00:29:32

Health: -17/97     AC:  9    Str:  9    XL:     11   Next: 31%
Magic:  0/20       EV: 20    Int: 35    God:
Gold:   490        SH:  0    Dex: 14    Spells: 15/18 levels left

rFire   . . .        Z - +8 demon trident "Rift" {distort, reach+}
rCold   . . .        (no shield)
rNeg    . . .        c - +0 troll leather armour
rPois   .            d - +0 helmet
rElec   .            F - +0 cloak
rCorr   .            j - +0 pair of gloves
SInv    .            z - +1 pair of boots
Will    +....        S - amulet of guardian spirit
Stlth   ++           s - +6 ring of intelligence
HPRegen 1.16/turn    y - +5 ring of evasion
MPRegen 0.17/turn

%: guardian spirit
@: no status effects
A: high MP 1, forlorn, divine attributes
a: no special abilities


You were on level 11 of the Dungeon.
You visited 1 branch of the dungeon, and saw 11 of its levels.

You collected 691 gold pieces.
You spent 201 gold pieces at shops.

Inventory:

Hand Weapons
 Z - the +8 demon trident "Rift" (weapon) {distort, reach+}
   (You took it off a boggart on level 10 of the Dungeon)
Missiles
 i - 4 javelins
 H - 3 curare-tipped darts {=f}
Armour
 c - a +0 troll leather armour (worn)
 d - a +0 helmet (worn)
 j - a +0 pair of gloves (worn)
 z - a +1 pair of boots (worn)
 F - a +0 cloak (worn)
 Q - a +2 ring mail of willpower
 X - +0 swamp dragon scales
Jewellery
 s - a +6 ring of intelligence (left hand)
 u - a +6 ring of intelligence
 y - a +5 ring of evasion (right hand)
 M - a +6 ring of dexterity
 O - a +6 ring of dexterity
 S - an amulet of guardian spirit (around neck)
 W - a ring of see invisible
 Y - a ring of poison resistance
Wands
 e - a wand of flame (10)
 x - a wand of digging (1)
 B - a wand of iceblast (8)
 P - a wand of mindburst (5)
 U - a wand of charming (5)
Scrolls
 f - 4 scrolls of summoning
 g - 4 scrolls of blinking
 n - 2 scrolls of amnesia
 o - 2 scrolls of poison {!r}
 q - a scroll of enchant weapon
 r - a scroll of fear
 v - 3 scrolls of fog
 C - 3 scrolls of teleportation {@r4}
 G - a scroll of vulnerability {!r}
 I - a scroll of brand weapon
 K - a scroll of enchant armour
 V - a scroll of immolation {!r}
Potions
 b - 2 potions of mutation {unknown}
 k - 2 potions of cancellation {unknown}
 l - 2 potions of ambrosia {unknown}
 m - 8 potions of curing {@q1}
 p - 3 potions of lignification {!q}
 w - a potion of haste {unknown}
 A - 2 potions of attraction {unknown}
 D - a potion of might {unknown}
 L - a potion of resistance {unknown}


   Skills:
 - Level 9.3 Fighting
 - Level 0.8 Short Blades
 + Level 2.1 Polearms
 - Level 9.3 Dodging
 - Level 2.6 Stealth
 - Level 4.0 Spellcasting
 - Level 7.0 Conjurations
 - Level 3.1 Hexes
 - Level 7.0 Earth Magic


You had 15 spell levels left.
You knew the following spells:

 Your Spells              Type           Power      Damage    Failure   Level
a - Stone Arrow           Conj/Erth      100%       3d13      1%          3

Your spell library contained the following spells:

 Spells                   Type           Power      Damage    Failure   Level
 Slow                     Hex            100%       N/A       1%          1
 Momentum Strike          Conj/Tloc      62%        3d9       2%          2
 Dazzling Flash           Conj/Hex       84%        N/A       2%          3
 Hailstorm                Conj/Ice       31%        3d8       4%          3
 Ensorcelled Hibernation  Hex/Ice        34%        N/A       5%          2
 Confusing Touch          Hex            29%        N/A       5%          3
 Tukima's Dance           Hex            29%        N/A       5%          3
 Apportation              Tloc           14%        N/A       6%          1
 Beastly Appendage        Tmut           14%        N/A       6%          1
 Freeze                   Ice            28%        1d5       6%          1
 Blink                    Tloc           14%        N/A       10%         2
 Lesser Beckoning         Tloc           14%        N/A       10%         2
 Wereblood                Tmut           7%         N/A       10%         2
 Portal Projectile        Hex/Tloc       34%        N/A       11%         3
 Animate Armour           Summ/Erth      62%        N/A       16%         4
 Sticky Flame             Conj/Fire      31%        2d5       16%         4
 Frozen Ramparts          Ice            14%        1d3       19%         3
 Ignite Poison            Fire/Tmut/Pois 7%         N/A       19%         3
 Spider Form              Tmut/Pois      7%         N/A       19%         3
 Vampiric Draining        Necr           7%         2d6       19%         3
 Vhi's Electric Charge    Tloc/Air       14%        N/A       19%         3
 Anguish                  Hex/Necr       8%         N/A       34%         4
 Animate Dead             Necr           7%         N/A       54%         4
 Ice Form                 Ice/Tmut       7%         N/A       54%         4
 Manifold Assault         Tloc           7%         N/A       54%         4
 Alistair's Intoxication  Tmut/Pois      4%         N/A       87%         5
 Blade Hands              Tmut           3%         N/A       87%         5
 Simulacrum               Ice/Necr       3%         N/A       100%        6
 Enfeeble                 Hex            14%        N/A       100%        7
 Storm Form               Tmut/Air       3%         N/A       100%        7
 Ignition                 Fire           3%         3d4       100%        8
 Lehudib's Crystal Spear  Conj/Erth      27%        10d7      100%        8


Dungeon Overview and Level Annotations

Branches:
Dungeon (11/15)            Temple (0/1) D:4            Lair (0/5) D:10
    Orc: D:9-12

Shops:
D:4 **   D:7 :   D:10 [

Annotations:
D:3 3 runed translucent doors, dxctxrx's ghost, amateur DjFE
D:9 2 transporters, Clive's ghost, novice MiFi


Innate Abilities, Weirdness & Mutations

You have an increased reservoir of magic. (+10% MP)
You shall have no god before yourself.
Your divine heritage dramatically boosts your attributes as you level up.


Message History

There is a stone staircase leading up here.
Unknown command.
A cyclops comes into view.
The cyclops shouts!
You hear a bellow!
No target in view!
No target in view!
No target in view!
The cyclops throws a large rock.
The large rock hits you!! The cyclops hits you!!
You puncture the cyclops!
The cyclops is lightly wounded.
The cyclops blinks!
The cyclops throws a large rock.
The large rock hits you!!
A yak comes into view.
A yak comes into view.
Found a scroll labelled JUUQOECZAO.
The yak bellows!
The cyclops throws a large rock.
The large rock hits you!
* * * LOW HITPOINT WARNING * * *
The cyclops hits you!!
* * * LOW HITPOINT WARNING * * *
Unknown command.
You feel much better.
A yak comes into view. x2
The cyclops hits you but does no damage.
Unknown command.
You are too injured to fight recklessly!
You feel better.
Unknown command.
As you read the scroll of fear, it crumbles to dust.
You assume a fearsome visage.
The yak looks frightened! x3
The yak bellows!
The cyclops looks frightened!
Unknown command.
The cyclops cries, "Mercy!"
A cyclops opens the door.
The cyclops seems to regain its courage.
The cyclops throws a large rock.
The large rock hits you!!
* * * LOW HITPOINT WARNING * * *
The cyclops throws a large rock.
The large rock hits you!!
You die...

#####..#####
.. #......#
...
#......#....
#......#....
#.....C'...
#......#
#####...#
#.......#
+....@..#
#.....<.#
#...#####
#...# ##+##


You could see a cyclops.

Vanquished Creatures
  A hydra (D:10)
  3 two-headed ogres
  A boulder beetle (D:6)
  2 orc knights (D:10)
  An ugly thing (D:10)
  A deep elf pyromancer (D:10)
  A manticore (D:6)
  Maggie (D:10)
  An unseen horror (D:9)
  A freezing wraith (D:10)
  3 trolls
  4 wraiths
  A shadow (D:10)
  4 wyverns
  5 yaks (D:10)
  A basilisk (D:10)
  2 wargs (D:10)
  A water moccasin (D:7)
  4 orc warriors
  2 sky beasts
  2 ogres
  A boggart (D:10)
  2 kobold brigands
  3 scorpions
  4 bullfrogs
  11 wights
  3 killer bees
  2 howler monkeys
  2 hounds
  3 orc priests
  3 jellies
  Crazy Yiuf (D:5)
  Jessica (D:3)
  10 orc wizards
  3 iguanas
  Terence (D:3)
  Robin (D:2)
  A gnoll (D:1)
  10 adders
  A white imp (D:6)
  2 ufetubi
  4 worms
  2 dart slugs
  32 orcs
  7 ball pythons
  7 endoplasms
  4 giant cockroaches
  18 goblins
  12 hobgoblins
  3 jackals (D:2)
  3 quokkas
  3 bats
  9 frilled lizards
  16 kobolds
  12 rats
239 creatures vanquished.

Vanquished Creatures (others)
  An orc wizard (D:4)
  A plant (D:10)
2 creatures vanquished.

Grand Total: 241 creatures vanquished

Notes
Turn   | Place    | Note
-------+----------+-------------------------------------------
     0 | D:1      | sanka the Demigod Enchanter began the quest for the Orb.
     0 | D:1      | Reached XP level 1. HP: 14/14 MP: 5/5
   207 | D:1      | Reached XP level 2. HP: 18/20 MP: 7/7
   708 | D:1      | Reached skill level 1 in Conjurations
   708 | D:1      | Reached skill level 1 in Earth Magic
  1161 | D:2      | Reached XP level 3. HP: 26/26 MP: 8/8
  1165 | D:2      | Learned a level 3 spell: Stone Arrow
  1220 | D:2      | Noticed Robin
  1264 | D:2      | Killed Robin
  1429 | D:2      | Got the Quarto of Stormy Evil
  1838 | D:1      | Reached XP level 4. HP: 23/33 MP: 9/9
  2549 | D:3      | Found a runed translucent gate.
  2549 | D:3      | Found a runed translucent gate.
  2549 | D:3      | Found a runed translucent gate.
  2612 | D:3      | Noticed Terence
  2615 | D:3      | Killed Terence
  2970 | D:3      | Reached XP level 5. HP: 38/38 MP: 10/10
  3505 | D:3      | Noticed Jessica
  3513 | D:3      | Killed Jessica
  3913 | D:3      | Noticed dxctxrx's ghost (amateur DjFE)
  4261 | D:4      | Found a staircase to the Ecumenical Temple.
  4340 | D:4      | Reached XP level 6. HP: 43/45 MP: 7/11
  5141 | D:4      | Found Tomaepir's Specific Store.
  5260 | D:4      | Found Uridaoc's General Store.
  5713 | D:5      | Entered Level 5 of the Dungeon
  5803 | D:5      | Reached XP level 7. HP: 50/50 MP: 9/13
  5992 | D:5      | Found a runed translucent door.
  5993 | D:5      | Noticed Crazy Yiuf
  6088 | D:5      | Reached skill level 5 in Conjurations
  6088 | D:5      | Reached skill level 5 in Earth Magic
  6180 | D:5      | Reached skill level 1 in Fighting
  6909 | D:5      | Killed Crazy Yiuf
  7152 | D:4      | Bought a scroll of blinking for 75 gold pieces
  7152 | D:4      | Bought a scroll of teleportation for 30 gold pieces
  7152 | D:4      | Bought a scroll of identify for 20 gold pieces
  7152 | D:4      | Bought a scroll of vulnerability for 40 gold pieces
  7152 | D:4      | Bought 3 curare-tipped darts for 36 gold pieces
  7618 | D:6      | Noticed a boulder beetle
  7620 | D:6      | Reached XP level 8. HP: 57/63 MP: 13/14
  8318 | D:6      | Killed a boulder beetle
  8319 | D:6      | Reached skill level 5 in Dodging
  8411 | D:6      | Noticed a troll
  8417 | D:6      | Killed a troll
  8418 | D:6      | Reached skill level 5 in Fighting
  8549 | D:6      | Noticed a manticore
  8553 | D:6      | Killed a manticore
  8554 | D:6      | Reached XP level 9. HP: 74/74 MP: 11/16
  8959 | D:7      | Found Koaf's Book Shoppe.
  9843 | D:8      | Identified the +5 long sword of Fadwest {freeze, rN+}
 11286 | D:9      | Noticed a two-headed ogre
 11290 | D:9      | Killed a two-headed ogre
 11291 | D:9      | Reached XP level 10. HP: 84/84 MP: 9/19
 11373 | D:9      | Noticed Clive's ghost (novice MiFi)
 11392 | D:9      | Found a transporter.
 11493 | D:9      | Found a transporter.
 12355 | D:10     | Entered Level 10 of the Dungeon
 12425 | D:10     | Noticed Maggie
 12430 | D:10     | Killed Maggie
 12804 | D:10     | Found Qusicw's Antique Armour Shop.
 12940 | D:10     | Found a staircase to the Lair.
 13450 | D:10     | Noticed an orc knight
 13466 | D:10     | Killed an orc knight
 13739 | D:10     | Noticed a two-headed ogre
 13739 | D:10     | Noticed a two-headed ogre
 13743 | D:10     | Killed a two-headed ogre
 13750 | D:10     | Killed a two-headed ogre
 13751 | D:10     | Reached XP level 11. HP: 60/95 MP: 2/20
 13896 | D:10     | Noticed a deep elf pyromancer
 13896 | D:10     | Noticed an orc knight
 13898 | D:10     | Noticed a five-headed hydra
 14209 | D:10     | Killed a five-headed hydra
 14512 | D:10     | Killed an orc knight
 14516 | D:10     | Reached skill level 1 in Polearms
 14625 | D:10     | Killed a deep elf pyromancer
 14686 | D:10     | Identified the staff of earth "Pystuhue" {Fragile rElec
                  | rC++ Int+3}
 14694 | D:10     | Identified the +5 broad axe "Kudghile" {protect, Str+3}
 14839 | D:11     | HP: 2/97 [cyclops (22)]
 14849 | D:11     | Hit by a large rock thrown by a cyclops

Illustrated notes

Levels and vault maps discovered:
D:1:      erik_arrival_blinker_ship, layout_basic
D:2:      layout_basic, minmay_nonomino_d4, uniq_robin
D:3:      layout_loops_cross, mainiacjoe_overflow_six_doors_small,
          nicolae_overflow_hidden_temple, gammafunk_ghost_icy, uniq_jessica,
          uniq_terence
D:4:      layout_basic, fedhas_ov_isle_minmay, kennysheep_mini,
          minmay_temple_entry_glass, nicolae_specific_store
D:5:      layout_loops_ring, bloody_trog, lemuel_round_altar,
          uniq_crazy_yiuf_cottage
D:6:      layout_rooms, minivault_19, kb_rosetta
D:7:      layout_cave_pools, serial_shops, shop, kennysheep_potato
D:8:      layout_basic, gammafunk_temple_overflow_wave
D:9:      layout_basic, mainiacjoe_overflow_small_starburst,
          gammafunk_ghost_stat_death, kennysheep_generic_room_10
D:10:     minmay_the_grid_3x2 [minmay_the_grid_box_x, minmay_the_grid_x,
          minmay_the_grid_diamond_grid, minmay_the_grid_mess,
          minmay_the_grid_armoury,
          minmay_the_grid_prize_four_corners_diamond_b], layout_loops_cross,
          mainiacjoe_overflow_chevrons, erik_lair_orcish_takeover, serial_shops,
          nicolae_shop_trees, uniq_maggie
D:11:     layout_grid_maze, david_orc_3, minmay_radiant, uniq_josephine,
          uniq_gastronok

Skill      XL: |  1  2  3  4  5  6  7  8  9 10 11 |
---------------+----------------------------------+-----
Spellcasting   | 2 4 |  4.0
Hexes          | 3 |  3.1
Conjurations   | 1 2 3 4 5 6 7 |  7.0
Earth Magic    | 1 2 3 4 5 6 7 |  7.0
Dodging        | 3 5 7 8 9 |  9.3
Fighting       | 3 5 6 8 9 |  9.3
Polearms       | 2 |  2.1
Short Blades   | |  0.8
Stealth        | |  2.6

Action                     |  1- 3 |  4- 6 |  7- 9 | 10-12 || total
---------------------------+-------+-------+-------+-------++-------
  Melee: Dagger            |   223 |   193 |       |       ||   416
         Punch             |     3 |     3 |       |       ||     6
         Trident           |       |    52 |       |       ||    52
         Long sword        |       |       |     6 |       ||     6
         Scimitar          |       |       |     2 |    64 ||    66
         Quarterstaff      |       |       |     1 |       ||     1
         Demon trident     |       |       |       |     4 ||     4
  Throw: Dart              |       |       |     1 |       ||     1
   Cast: Stone Arrow       |     1 |    45 |   143 |    91 ||   280
  Evoke: Wand              |       |       |     2 |       ||     2
    Use: Potion            |     3 |       |     1 |     2 ||     6
         Scroll            |       |       |     7 |     5 ||    12
   Stab: Sleeping          |     8 |     5 |       |       ||    13
         Invisible         |     5 |       |       |       ||     5
         Distracted        |       |     1 |       |       ||     1
 Armour: Robe              |    53 |    69 |    11 |       ||   133
         Troll leather arm |       |       |     9 |    39 ||    48
  Dodge: Dodged            |   144 |   166 |    28 |   147 ||   485
